 Dungeon Crawl Stone Soup version 0.30.1-9-gdf580d7c3d (webtiles) character file.

Game seed: 17700755026504204308

89 monsoonserge the Shooter (level 4, -2/23 HPs)
             Began as a Spriggan Hunter on Oct 24, 2023.
             Killed by nerve-wracking pain
             ... invoked by Menkaure
              (13 damage)
             ... on level 4 of the Dungeon.
             The game lasted 00:05:36 (2274 turns).

monsoonserge the Shooter (Spriggan Hunter)          Turns: 2274, Time: 00:05:37

Health: -2/23      AC:  2    Str:  7    XL:     4   Next: 31%
Magic:  5/5        EV: 18    Int: 10    God:
Gold:   213        SH:  0    Dex: 20    Spells: 3/3 levels left

rFire   . . .        a - +0 shortbow
rCold   . . .        (shield currently unavailable)
rNeg    . . .        c - +0 robe
rPois   .            (helmet restricted)
rElec   .            (no cloak)
rCorr   .            (gloves unavailable)
SInv    +            (boots unavailable)
Will    .....        (no amulet)
Stlth   ++           (no ring)
HPRegen 0.23/turn    (no ring)
MPRegen 0.09/turn

%: no passive effects
@: very quick
A: very small, no large weapons, unfitting armour, see invisible, speed 3
a: no special abilities


You were on level 4 of the Dungeon.
You visited 1 branch of the dungeon, and saw 4 of its levels.

You collected 213 gold pieces.

Inventory:

Hand Weapons
 a - a +0 shortbow (weapon)
Missiles
 j - 9 curare-tipped darts
 l - 5 poisoned darts
Armour
 c - a +0 robe (worn)
 o - a +0 buckler
Magical Staves
 m - a staff of poison
Jewellery
 d - an amulet of faith
 v - a ring of wizardry
Scrolls
 b - a scroll of immolation
 h - 2 scrolls of identify {unknown}
 i - a scroll of blinking {unknown}
 p - 2 scrolls of fog {unknown}
 q - a scroll of fear {unknown}
 r - 2 scrolls of noise {unknown}
 s - a scroll of vulnerability {unknown}
 t - a scroll of enchant weapon {unknown}
 u - 2 scrolls of teleportation {unknown}
Potions
 e - 5 potions of curing {unknown}
 f - a potion of berserk rage
 g - 2 potions of degeneration {unknown}
 k - a potion of flight {unknown}
 n - 2 potions of brilliance {unknown}


   Skills:
 + Level 2.1 Fighting
 + Level 5.4 Ranged Weapons
 + Level 3.0 Dodging
 + Level 1.5 Stealth


You had 3 spell levels left.
You didn't know any spells.
Your spell library contained the following spells:

 Spells                   Type           Power      Damage    Failure   Level
 Sting                    Tmut/Pois      0%         1d3       36%         1
 Cigotuvi's Dreadful Rot  Necr/Pois/Air  0%         N/A       50%         2
 Poisonous Vapours        Pois/Air       0%         N/A       50%         2
 Ignite Poison            Fire/Tmut/Pois 0%         N/A       75%         3
 Olgreb's Toxic Radiance  Pois           0%         N/A       98%         4
 Freezing Cloud           Conj/Ice/Air   0%         6-21      100%        5


Dungeon Overview and Level Annotations

Branches:
Dungeon (4/15)
 Temple: D:4-7

Altars:
Sif Muna

Annotations:
D:3 Grinder, Natasha
D:4 Menkaure


Innate Abilities, Weirdness & Mutations

You are very small and have problems with some larger weapons.
You are too small for most types of armour.
You have supernaturally acute eyesight. (SInv)
You cover ground extremely quickly. (Speed+++)


Message History

You kill the kobold!
You shoot an arrow.
The arrow hits the ball python but does no damage.
You shoot an arrow. The arrow hits the ball python.
The ball python is moderately wounded.
You shoot an arrow.
The arrow barely misses the ball python.
The ball python barely misses you. The ball python completely misses you.
You shoot an arrow. The arrow hits the ball python.
You kill the ball python!
You now have 213 gold pieces (gained 14).
There are no items here.
You see here a ball python corpse.
Found a large cabochon ring.
Found a shimmering blue altar of Sif Muna.
Found a purple potion.
There is a shimmering blue altar of Sif Muna here.
v - a ring of wizardry You see here a +0 dagger.
g - 2 purple potions (gained 1)
You see here a +0 dagger.
You see here a +0 dagger.
You see here a ball python corpse.
Menkaure casts a spell at you. Pain shoots through your body!
You start resting.
Menkaure is nearby!
You shoot an arrow. The arrow hits Menkaure.
Menkaure is lightly damaged.
Menkaure calls on the powers of darkness!
Your body is wracked with pain!
You are too injured to fight recklessly!
Fire: a) +0 shortbow
Press: ? - help, Q - select action, (/) - cycle Shift-Dir - straight line, f/p - Menkaure
Aim: Menkaure (lightly damaged, 78% to hit)
You shoot an arrow. The arrow barely misses Menkaure.
Menkaure casts a spell at you. Pain shoots through your body!
Ouch! That really hurt!
You die...

#..)......##
#..........##
#..#._.#....#
##.......##.#
###..##)##.# ##...†...#
######.....##.####
#......######.#### #.#
.#.(.@.......# #.#
#..#####M##.# #)#
##..........# #.#
######...#### ####.#
#....#...#
#####....####.##.#M..###
....................>..#
####<..######..†.....###
##### ########.#


You could see Menkaure.

Vanquished Creatures
  Terence (D:2)
  An adder (D:2)
  A dart slug (D:1)
  9 ball pythons
  8 bats
  5 endoplasms
  5 giant cockroaches
  2 goblins
  6 hobgoblins
  3 jackals (D:1)
  2 frilled lizards (D:1)
  4 kobolds
  5 rats
52 creatures vanquished.

Notes
Turn   | Place    | Note
-------+----------+-------------------------------------------
     0 | D:1      | monsoonserge the Spriggan Hunter began the quest for the
                  | Orb.
     0 | D:1      | Reached XP level 1. HP: 10/10 MP: 2/2
   102 | D:1      | Reached XP level 2. HP: 15/15 MP: 3/3
   482 | D:1      | Reached XP level 3. HP: 18/18 MP: 4/4
   861 | D:2      | Noticed Terence
   984 | D:2      | Identified the +0 leather armour of Ybbieh {Harm rN+}
  1114 | D:2      | Identified the +0 leather armour of Mysticism {*Slow rC+
                  | rCorr}
  1217 | D:2      | Killed Terence
  1218 | D:2      | Reached skill level 5 in Ranged Weapons
  1218 | D:2      | Reached XP level 4. HP: 23/23 MP: 5/5
  1584 | D:3      | Found a faded altar of an unknown god.
  1847 | D:3      | Noticed Grinder
  1849 | D:3      | Noticed Natasha
  1856 | D:3      | Paralysed by Grinder for 2 turns
  1863 | D:3      | HP: 1/23 [Natasha/magic dart (6)]
  2156 | D:4      | Noticed Menkaure
  2233 | D:4      | Found a shimmering blue altar of Sif Muna.
  2274 | D:4      | Killed from afar by Menkaure

Illustrated notes

Levels and vault maps discovered:
D:1:      heliophobic_arrival_battle_scene, layout_loops_ring, minmay_vboxes
D:2:      layout_loops_ring, uniq_terence
D:3:      wander_river, layout_basic, serial_shops,
          nicolae_shop_pleasant_corner_grove, nicolae_ecumenical_pavilion,
          uniq_natasha, uniq_grinder
D:4:      layout_basic, mainiacjoe_overflow_tiny_flanked, uniq_menkaure

Skill      XL: |  1  2  3 |
---------------+----------+-----
Dodging        | 3 |  3.0
Fighting       | 2 |  2.1
Ranged Weapons | 5 |  5.4
Stealth        | |  1.5

Action                     |  1- 3 |  4- 6 || total
---------------------------+-------+-------++-------
   Fire: Shortbow          |   103 |    34 ||   137
 Armour: Robe              |     8 |       ||     8
  Dodge: Dodged            |    43 |     9 ||    52
